 Dungeon Crawl Stone Soup version 0.27-a0-1245-g940ed4fa31 (webtiles) character file.

Game seed: 1369205355665578488

14 Mesmaeker13 the Caller (level 2, 0/19 HPs)
             Began as a Mummy Summoner on June 9, 2021.
             Slain by an adder (2 damage)
             ... on level 2 of the Dungeon.
             The game lasted 00:00:42 (1231 turns).

Mesmaeker13 the Caller (Mummy Summoner)             Turns: 1231, Time: 00:00:43

Health: 0/19       AC:  2    Str: 11    XL:     2   Next: 27%
Magic:  3/6        EV: 12    Int: 14    God:
Gold:   60         SH:  0    Dex: 12    Spells: 6/7 levels left

rFire    x . .     SeeInvis .   b - +0 dagger
rCold    + . .     Faith    .   (no shield)
rNeg     + + +     Spirit   .   a - +0 robe
rPois    ∞         Reflect  .   (no helmet)
rElec    .         Harm     .   (no cloak)
rCorr    .         Rampage  .   (no gloves)
Will     .....                  (no boots)
Stlth    ++........             (no amulet)
HPRegen  0.06/turn              (no ring)
MPRegen  0.10/turn              (no ring)

@: no status effects
A: cold resistance 1, negative energy resistance 3, torment resistance 2, heat
vulnerability 1, no potions
a: no special abilities


You were on level 2 of the Dungeon.
You visited 1 branch of the dungeon, and saw 2 of its levels.

You collected 60 gold pieces.

Inventory:

Hand Weapons
 b - a +0 dagger (weapon)
Armour
 a - a +0 robe (worn)
Scrolls
 c - a scroll of vulnerability {unknown}
 d - a scroll of fog {unknown}
 e - a scroll of immolation {unknown}


   Skills:
 + Level 1.9 Dodging
 - Level 1.5 Stealth
 + Level 3.1 Spellcasting
 + Level 3.4 Summonings


You had 6 spell levels left.
You knew the following spells:

 Your Spells              Type           Power      Damage    Failure   Level
a - Summon Small Mammal   Summ           44%        N/A       4%          1

Your spell library contained the following spells:

 Spells                   Type           Power      Damage    Failure   Level
 Call Imp                 Summ           11%        N/A       8%          2
 Call Canine Familiar     Summ           11%        N/A       16%         3
 Summon Guardian Golem    Hex/Summ       7%         N/A       30%         3
 Summon Ice Beast         Ice/Summ       7%         N/A       71%         4
 Summon Lightning Spire   Summ/Air       7%         N/A       71%         4


Dungeon Overview and Level Annotations

Branches:
Dungeon (2/15)

Altars:


Innate Abilities, Weirdness & Mutations

You are immune to poison.
Your flesh is cold resistant. (rC+)
You are immune to negative energy. (rN+++)
You are immune to unholy pain and torment.
You are vulnerable to heat. (rF-)
You do not drink.


Message History

The hobgoblin barely misses your rat.
You hit the adder.
The adder is lightly wounded.
Your bat misses the adder. Your bat hits the adder. Your rat misses the adder.
The adder closely misses you.
Your bat hits the hobgoblin. The hobgoblin closely misses your rat.
You closely miss the adder.
The adder is moderately wounded.
Your bat hits the hobgoblin. The adder bites you.
Your bat barely misses the adder.
Your rat bites the adder.
The adder bites you. The hobgoblin misses your rat.
You hit the adder but do no damage.
The adder is heavily wounded.
Your bat closely misses the adder.
Your bat barely misses the adder.
Your rat closely misses the adder.
The adder bites you but does no damage.
Your bat barely misses the adder.
The hobgoblin hits your rat but does no damage.
Your bat hits the hobgoblin but does no damage.
You hit the adder.
The adder is severely wounded.
Your bat misses the adder. x2; Your bat hits the adder.
Your rat closely misses the adder.
The adder bites you.
* * * LOW HITPOINT WARNING * * *
Your bat hits the hobgoblin but does no damage.
The hobgoblin hits your rat.
Your rat dies!
Your rat's corpse disappears in a puff of smoke!
You miss the adder.
The adder is almost dead.
Your bat barely misses the adder.
Your bat hits the hobgoblin but does no damage.
Your bat hits the adder but does no damage.
The adder bites you.
* * * LOW HITPOINT WARNING * * *
The adder closely misses you.
You miss the adder.
The adder is almost dead.
Your bat barely misses the adder.
Your bat misses the adder. The adder bites you.
You die...

#......# ##......#
#..._...#### ...........#
#.......##.############
....###.##.†..........###
#.# ##.#####............
# #...# #.#######....
#..@# #.# #.... #.§S# #.#
#.... #...b.g§..#.#
######...
.....b..§...............
.#.........#.#########..
#.##...####.# ########.
#. #.... #........ #
#...# #.####### ##.## #.#


You could see an adder (ally target), a hobgoblin and 2 friendly bats.

Vanquished Creatures
  3 bats
  A giant cockroach (D:1)
  A goblin (D:1)
  3 ball pythons
  2 rats (D:1)
10 creatures vanquished.

Vanquished Creatures (collateral kills)
  A dart slug (D:1)
  A kobold (D:1)
  A bat (D:1)
3 creatures vanquished.

Grand Total: 13 creatures vanquished

Notes
Turn   | Place    | Note
-------+----------+-------------------------------------------
     0 | D:1      | Mesmaeker13 the Mummy Summoner began the quest for the Orb.
     0 | D:1      | Reached XP level 1. HP: 13/13 MP: 4/4
   515 | D:1      | Reached XP level 2. HP: 14/19 MP: 4/6
  1205 | D:2      | Found a faded altar of an unknown god.
  1231 | D:2      | Slain by an adder

Illustrated notes

Levels and vault maps discovered:
D:1:      ebering_hopf_link, layout_loops_corners
D:2:      layout_loops_ring, ebering_ecumenical_altar_sacrificial

Skill      XL: |  1 |
---------------+----+-----
Spellcasting   | 3 |  3.1
Dodging        | |  1.9
Stealth        | |  1.5
Summonings     | |  3.4

Action                   || total
-------------------------++-------
Melee: Dagger            ||    29
       Unarmed           ||     8
 Cast: Summon Small Mamm ||    16
 Stab: Sleeping          ||     3
Armor: Robe              ||    11
Dodge: Dodged            ||    34

Table legend: (Time is in decaauts)
 A = Elapsed time spent in this place.
 B = Non-inter-level travel time spent in this place.
 C = Inter-level travel time spent in this place.
 D = Time resting spent in this place.
 E = Time spent auto-exploring this place.
 F = Levels seen in this place.
 G = Mean time per level.
                   A        B        C        D        E       F      G
               +--------+--------+--------+--------+--------+-----+--------+
         Total |   1230 |   1211 |     19 |     64 |   1024 |   2 |  615.0 |
       Dungeon |   1230 |   1211 |     19 |     64 |   1024 |   2 |  615.0 |
               +--------+--------+--------+--------+--------+-----+--------+

Top non-repeatable levels by time:
     D:1: 1153 daAuts
     D:2: 76 daAuts
